 Dungeon Crawl Stone Soup version 0.30.0-16-gbe6223bb7e (webtiles) character file.

Game seed: 3938739272777170711

45 Klatu the Chopper (level 3, 0/32 HPs)
             Began as a Naga Warper on May 20, 2023.
             Slain by an adder (2 damage)
             ... on level 2 of the Dungeon.
             The game lasted 00:06:44 (1303 turns).

Klatu the Chopper (Naga Warper)                     Turns: 1303, Time: 00:06:44

Health: 0/32       AC:  2    Str: 15    XL:     3   Next: 64%
Magic:  6/6        EV:  9    Int: 13    God:
Gold:   112        SH:  0    Dex: 10    Spells: 4/6 levels left

rFire   . . .        a - +0 war axe
rCold   . . .        (no shield)
rNeg    . . .        l - +0 leather armour
rPois   +            (no helmet)
rElec   .            (no cloak)
rCorr   .            (no gloves)
SInv    +            (no barding)
Will    .....        o - amulet of the acrobat
Stlth   +            (no ring)
HPRegen 0.25/turn    (no ring)
MPRegen 0.10/turn

%: acrobat
@: lethally poisoned (0 -> -1), very slow
A: AC +1, large, see invisible, deformed body, poison resistance, slowness 2,
spit poison 1, naga tail 1
a: Spit Poison


You were on level 2 of the Dungeon.
You visited 1 branch of the dungeon, and saw 2 of its levels.

You collected 112 gold pieces.

Inventory:

Hand Weapons
 a - a +0 war axe (weapon)
 b - a +0 sling
Missiles
 d - 7 boomerangs of dispersal (quivered)
 g - 6 poisoned darts
Armour
 l - a +0 leather armour (worn)
 n - a +0 plate armour
Jewellery
 o - an amulet of the acrobat (around neck)
Wands
 k - a wand of iceblast (7)
Scrolls
 c - a scroll of blinking
 e - a scroll of teleportation {unknown}
 f - 2 scrolls of fog {unknown}
 p - a scroll of noise {unknown}
 q - a scroll of identify {unknown}
 r - a scroll of torment {unknown}
Potions
 h - a potion of haste {unknown}
 i - a potion of flight {unknown}
 j - a potion of resistance {unknown}
 m - 2 potions of magic {unknown}


   Skills:
 - Level 2.0 Fighting
 + Level 3.7 Axes
 - Level 0.8 Throwing
 - Level 0.7 Armour
 - Level 1.5 Dodging
 - Level 2.0 Spellcasting
 - Level 3.1 Translocations


You had 4 spell levels left.
You knew the following spells:

 Your Spells              Type           Power      Damage    Failure   Level
a - Blink                 Tloc           18%        N/A       13%         2

Your spell library contained the following spells:

 Spells                   Type           Power      Damage    Failure   Level
 Apportation              Tloc           18%        N/A       9%          1
 Lesser Beckoning         Tloc           18%        N/A       13%         2
 Teleport Other           Tloc           9%         N/A       26%         3
 Necrotise                Necr           4%         1d4       30%         1
 Summon Small Mammal      Summ           4%         N/A       30%         1
 Vhi's Electric Charge    Tloc/Air       10%        N/A       43%         3
 Volatile Blastmotes      Fire/Tloc      10%        2d10      43%         3
 Manifold Assault         Tloc           9%         N/A       63%         4
 Dazzling Flash           Conj/Hex       2%         N/A       67%         3
 Iskenderun's Mystic Bla  Conj/Tloc      5%         2d3       85%         4
 Starburst                Conj/Fire      0%         6d3       100%        6


Dungeon Overview and Level Annotations

Branches:
Dungeon (2/15)

Altars:


Innate Abilities, Weirdness & Mutations

Your serpentine skin is tough. (AC +1)
You have supernaturally acute eyesight. (SInv)
Armour fits poorly on your strangely shaped body.
Your system is resistant to poisons. (rPois)
You cover ground very slowly.
You can spit poison.
You have a snake-like lower body.


Message History

The giant cockroach is moderately wounded.
a - a +0 war axe (weapon)
You hit the giant cockroach.
You kill the giant cockroach!
You closely miss the adder.
You have got your breath back.
The adder bites you. x2
You are poisoned.
The adder poisons you!
You hit the adder.
The adder is moderately wounded.
You feel sick. The adder bites you.
You closely miss the adder.
The adder is moderately wounded.
You feel sick. The adder closely misses you. The adder bites you.
You closely miss the adder. You punch the adder, but do no damage.
The adder is moderately wounded.
You feel sick. The adder bites you.
You are more poisoned.
The adder poisons you! The adder bites you.
You are too injured to fight recklessly!
You are too injured to fight recklessly!
You closely miss the adder.
The adder is moderately wounded.
You feel very sick. The adder closely misses you.
You closely miss the adder.
The adder is moderately wounded.
You feel sick. The adder misses you. The adder bites you but does no damage.
You closely miss the adder.
The adder is moderately wounded.
You feel sick. The adder bites you.
* * * LOW HITPOINT WARNING * * *
The adder bites you.
* * * LOW HITPOINT WARNING * * *
You barely miss the adder.
The adder is moderately wounded.
* * * LOW HITPOINT WARNING * * *
You feel sick. The adder barely misses you. The adder bites you.
You die...

........##.. #
............########
...###......>......
##. ............. ##
####....?...
......... #....>.#
#.....S# #.....@#
#......# #......#
#......# ########


You could see an adder.

Vanquished Creatures
  An adder (D:2)
  A worm (D:2)
  An orc (D:2)
  5 ball pythons
  4 bats
  4 endoplasms
  2 giant cockroaches (D:2)
  3 hobgoblins
  2 kobolds
  A quokka (D:2)
  3 frilled lizards (D:1)
  2 rats (D:1)
29 creatures vanquished.

Notes
Turn   | Place    | Note
-------+----------+-------------------------------------------
     0 | D:1      | Klatu the Naga Warper began the quest for the Orb.
     0 | D:1      | Reached XP level 1. HP: 19/19 MP: 3/3
     2 | D:1      | Noticed an ogre
     2 | D:1      | Noticed a human
     4 | D:1      | Noticed a meteoran
     4 | D:1      | Noticed a demonspawn
     6 | D:1      | Noticed a merfolk
     6 | D:1      | Noticed a spriggan
     8 | D:1      | Noticed a formicid
    10 | D:1      | Noticed a vine stalker
    10 | D:1      | Noticed a felid
    13 | D:1      | Noticed a gargoyle
    13 | D:1      | Noticed a ghoul
    15 | D:1      | Noticed a troll
    15 | D:1      | Noticed a naga
    17 | D:1      | Noticed a tengu
    20 | D:1      | Noticed a minotaur
    20 | D:1      | Noticed a demigod
    22 | D:1      | Noticed an elf
    22 | D:1      | Noticed an armataur
    24 | D:1      | Noticed a draconian
    24 | D:1      | Noticed an octopode
    26 | D:1      | Noticed a vampire
    26 | D:1      | Noticed a meteoran
    28 | D:1      | Noticed an ogre
   141 | D:1      | Reached XP level 2. HP: 24/26 MP: 5/5
   567 | D:1      | Learned a level 2 spell: Blink
  1035 | D:2      | Reached XP level 3. HP: 32/32 MP: 6/6
  1303 | D:2      | Slain by an adder

Illustrated notes

Levels and vault maps discovered:
D:1:      kb_arrival_jail, layout_loops_ring, minivault_5, minivault_5
D:2:      layout_rooms

Skill      XL: |  1  2 |
---------------+-------+-----
Axes           | 3 |  3.7
Fighting       | |  2.0
Throwing       | |  0.8
Armour         | |  0.7
Dodging        | |  1.5
Spellcasting   | |  2.0
Translocations | |  3.1

Action                     || total
---------------------------++-------
  Melee: Hand axe          ||    48
         War axe           ||    26
         Punch             ||     1
   Fire: Sling             ||    29
Ability: Spit Poison       ||     3
 Armour: Leather armour    ||    35
  Dodge: Dodged            ||    36
